 Dungeon Crawl Stone Soup version 0.32-a0-859-gb0a091d (webtiles) character file.

Game seed: 3863040551663536862

102 Dorkslayer the Ducker (level 4, -2/31 HPs)
             Began as an Octopode Fighter on Mar 27, 2024.
             Succumbed to Crazy Yiuf's poison
             ... on level 2 of the Dungeon.
             The game lasted 00:04:54 (1363 turns).

Dorkslayer the Ducker (Octopode Fighter)            Turns: 1363, Time: 00:04:55

Health: -2/31      AC:  1    Str: 17    XL:     4   Next: 77%
Magic:  4/4        EV: 12    Int: 10    God:
Gold:   92         SH:  4    Dex: 11    Spells: 3/3 levels left

rFire   . . .        a - +0 war axe
rCold   . . .        b - +0 buckler
rNeg    . . .        (helmet restricted)
rPois   .            (no amulet)
rElec   .            (no ring)
rCorr   .            (no ring)
SInv    .            (no ring)
Will    .....        (no ring)
Stlth   +++          (no ring)
HPRegen 0.25/turn    (no ring)
MPRegen 0.09/turn    (no ring)
                     (no ring)

%: no passive effects
@: lethally poisoned (-2 -> -13)
A: almost no armour, amphibious, 8 rings, camouflage 1, gelatinous body 1,
(nimble swimmer 1), tentacles
a: no special abilities


You were on level 2 of the Dungeon.
You visited 1 branch of the dungeon, and saw 2 of its levels.

You collected 92 gold pieces.

Inventory:

Hand Weapons
 a - a +0 war axe (weapon)
Armour
 b - a +0 buckler (worn)
Talismans
 i - a maw talisman
 j - a flux talisman
Scrolls
 g - a scroll of silence {unknown}
 h - a scroll of identify {unknown}
 l - a scroll of blinking {unknown}
 m - a scroll of enchant armour {unknown}
Potions
 c - a potion of might
 d - a potion of attraction {unknown}
 f - a potion of invisibility {unknown}
 k - a potion of curing {unknown}


   Skills:
 + Level 3.3 Fighting
 + Level 2.7 Axes
 + Level 3.4 Dodging
 + Level 3.2 Stealth
 + Level 3.4 Shields
 * Level 0.7 Shapeshifting


You had 3 spell levels left.
You didn't know any spells.
Your spell library contained the following spells:

 Spells                   Type           Power      Damage    Failure   Level
 Stone Arrow              Conj/Erth      0%         3d7       82%         3
 Lehudib's Crystal Spear  Conj/Erth      0%         10d2      100%        8
 Animate Armour           Summ/Erth      Unusable   N/A       N/A         4

Dungeon Overview and Level Annotations

Branches:
Dungeon (2/15)

Altars:

Shops:
D:1 =


Innate Abilities, Weirdness & Mutations

You cannot wear most types of armour.
You are amphibious.
You can wear up to eight rings at the same time.
Your skin changes colour to match your surroundings (Stealth+).
Your rubbery body absorbs attacks. (AC +1, EV +1)
((You are camouflaged when in or above water. (Stealth+)))
You have tentacles for arms and can constrict up to eight enemies at once.


Message History

You slash the fungus! You hit the fungus but do no damage.
You constrict the fungus.
A nearby fungus withers and dies. x2
You release your grip on the fungus.
You slash the fungus!
The fungus begins to die.
You grab the fungus. You squeeze the fungus.
The fungus is lightly damaged.
You hit the fungus. You constrict the fungus.
You release your grip on the fungus.
A nearby fungus withers and dies.
You hit the fungus but do no damage. You grab the fungus. You slash the fungus!
You constrict the fungus.
The fungus begins to die.
A nearby fungus withers and dies.
You release your grip on the fungus.
Found a hammer.
Found a runed translucent door.
A nearby fungus withers and dies.
You open the door.
There is an open translucent door here.
Crazy Yiuf shouts!
Crazy Yiuf hits you with a +3 quarterstaff of chaos!
You are lethally poisoned!
You slash Crazy Yiuf! You grab Crazy Yiuf.
Crazy Yiuf is severely wounded.
You constrict Crazy Yiuf.
You feel extremely sick.
Crazy Yiuf hits you with a +3 quarterstaff of chaos.
* * * LOW HITPOINT WARNING * * *
You suddenly lose the ability to move!
You lose your grip on Crazy Yiuf.
You can move again.
Okay, then.
Unknown command.
Okay, then.
You closely miss Crazy Yiuf. You grab Crazy Yiuf. You squeeze Crazy Yiuf.
You kill Crazy Yiuf!
* * * LOW HITPOINT WARNING * * *
You feel very sick.
Your Stealth skill gained 2 levels and is now at level 3!
Unknown command.
As you read the scroll labelled UDWORE OQIDAAGH, it crumbles to dust.
You assume a fearsome visage.
Nothing appears to happen.
It was a scroll of fear.
You die...

♣♣♣♣♣##### #####♣♣♣.♣...'..#
############# #...#♣..♣.......#
#...........# #)@.'.♣♣♣♣......#
#.########### #)..#♣♣ ♣♣..'..#
#.# ##### ♣♣###.### #.# #.....
#.# ###### #.############## ###
### ##.... #.#.........)..# #.#
#.####..<.)
#.#.########...####.###........##
#.#.# #...÷..........##...#


There were no monsters in sight!

Vanquished Creatures
  Crazy Yiuf (D:2)
  Jessica (D:2)
  An adder (D:2)
  A ribbon worm (D:2)
  2 dart slugs
  6 ball pythons
  3 bats (D:1)
  3 endoplasms (D:2)
  2 giant cockroaches
  2 goblins (D:1)
  A hobgoblin (D:2)
  2 kobolds (D:1)
  2 quokkas
  8 rats
35 creatures vanquished.

Notes
Turn   | Place    | Note
-------+----------+-------------------------------------------
     0 | D:1      | Dorkslayer the Octopode Fighter began the quest for the
                  | Orb.
     0 | D:1      | Reached XP level 1. HP: 16/16 MP: 1/1
     6 | D:1      | Noticed an anaconda
     6 | D:1      | Noticed a hog
     6 | D:1      | Noticed a six-headed hydra
     7 | D:1      | Noticed a komodo dragon
     7 | D:1      | Noticed a redback
   158 | D:1      | Reached XP level 2. HP: 17/21 MP: 2/2
   160 | D:1      | Found Iwaczihy's Jewellery Shoppe.
   720 | D:2      | Reached XP level 3. HP: 22/26 MP: 3/3
   765 | D:2      | Reached skill level 1 in Stealth
   854 | D:2      | Noticed Jessica
   860 | D:2      | Killed Jessica
   914 | D:2      | Reached XP level 4. HP: 30/31 MP: 4/4
  1353 | D:2      | Found a runed translucent door.
  1354 | D:2      | Noticed Crazy Yiuf
  1361 | D:2      | Paralysed by Crazy Yiuf for 1 turns
  1362 | D:2      | Killed Crazy Yiuf
  1362 | D:2      | HP: 1/31 [poisoned by Crazy Yiuf]
  1363 | D:2      | Succumbed to Crazy Yiuf's poison

Illustrated notes

Levels and vault maps discovered:
D:1:      onia_arrival_zoo_common, layout_loops_cross, serial_shops, shop,
          minmay_misc_feat_pillars
D:2:      layout_loops_ring, uniq_jessica, uniq_crazy_yiuf_cottage

Skill      XL: |  1  2  3  4 |
---------------+-------------+-----
Stealth        | 1 3 |  3.2
Fighting       | |  3.3
Axes           | |  2.7
Dodging        | |  3.4
Shields        | |  3.4
Shapeshifting  | |  0.7

Action                     |  1- 3 |  4- 6 || total
---------------------------+-------+-------++-------
  Melee: War axe           |    45 |    16 ||    61
         Constrict         |     8 |     8 ||    16
         Tentacles         |     6 |     5 ||    11
    Use: Scroll            |       |     1 ||     1
   Stab: Sleeping          |     7 |     6 ||    13
 Armour: Skin              |    15 |     4 ||    19
  Dodge: Dodged            |    31 |     1 ||    32
  Block: Buckler           |     7 |     1 ||     8

Table legend: (Time is in decaauts)
 A = Elapsed time spent in this place.
 B = Non-inter-level travel time spent in this place.
 C = Inter-level travel time spent in this place.
 D = Time resting spent in this place.
 E = Time spent auto-exploring this place.
 F = Levels seen in this place.
 G = Mean time per level.
                   A        B        C        D        E       F      G
               +--------+--------+--------+--------+--------+-----+--------+
         Total |   1388 |   1388 |      0 |      0 |    840 |   2 |  694.0 |
       Dungeon |   1388 |   1388 |      0 |      0 |    840 |   2 |  694.0 |
               +--------+--------+--------+--------+--------+-----+--------+

Top non-repeatable levels by time:
     D:1: 706 daAuts
     D:2: 682 daAuts
